 Dungeon Crawl Stone Soup version 0.32-a0-960-g3814254bd7 (webtiles) character file.

Game seed: 18288448960032691456

44 trashops the Covered (level 3, 0/33 HPs)
             Began as a Mountain Dwarf Fighter on Apr 17, 2024.
             Slain by an adder (2 damage)
             ... on level 2 of the Dungeon.
             The game lasted 00:03:14 (1070 turns).

trashops the Covered (Mountain Dwarf Fighter)       Turns: 1070, Time: 00:03:15

Health: 0/33       AC:  8    Str: 17 (18) XL:     3   Next: 39%
Magic:  3/3        EV:  8    Int:  6 (8)  God:
Gold:   103        SH:  3    Dex:  6 (9)  Spells: 2/2 levels left

rFire   . . .        a - +0 war axe
rCold   . . .        c - +0 buckler
rNeg    . . .        b - +0 scale mail
rPois   .            (no helmet)
rElec   .            (no cloak)
rCorr   .            g - +0 pair of gloves
SInv    .            (no boots)
Will    .....        (no amulet) Stlth
                     (no ring)
HPRegen 0.25/turn    (no ring)
MPRegen 0.08/turn

%: no passive effects
@: no status effects
A: runic magic, artefact enchanting, talons 1, weak 1, sturdy frame 1
a: no special abilities


You were on level 2 of the Dungeon.
You visited 1 branch of the dungeon, and saw 2 of its levels.

You collected 103 gold pieces.

Inventory:

Hand Weapons
 a - a +0 war axe (weapon)
Armour
 b - a +0 scale mail (worn)
 c - a +0 buckler (worn)
 g - a +0 pair of gloves (worn)
Jewellery
 j - an amulet of the acrobat
Scrolls
 e - 3 scrolls of identify {unknown}
 f - a scroll of amnesia {unknown}
 h - a scroll of noise {unknown}
 k - a scroll of fear {unknown}
 l - a scroll of fog {unknown}
Potions
 d - a potion of might
 i - a potion of degeneration


   Skills:
 * Level 3.7 Fighting
 * Level 3.2 Axes
 * Level 4.0 Armour
 + Level 3.5 Shields


You had 2 spell levels left.
You didn't know any spells.
Your spell library contained the following spells:

 Spells                   Type           Power      Damage    Failure   Level
 Summon Small Mammal      Summ           0%         N/A       58%         1
 Call Canine Familiar     Summ           0%         N/A       92%         3
 Summon Blazeheart Golem  Fire/Summ      0%         N/A       100%        4


Dungeon Overview and Level Annotations

Branches:
Dungeon (2/15)

Altars:
Dithmenos

Shops:
D:1 *


Innate Abilities, Weirdness & Mutations

Your spellcasting is much less encumbered by armour.
You can use scrolls of enchantment on lesser artefacts.
You have sharp toenails.
You are weak. (Str -2)
Your movements are slightly less encumbered by armour. (ER -2)


Message History

The adder bites you but does no damage. The adder bites you.
You are poisoned.
The adder poisons you!
You closely miss the adder.
The adder is lightly wounded.
You feel sick.
The adder bites you but does no damage. x2
You closely miss the adder.
The adder is lightly wounded.
You feel sick. The adder bites you.
* * * LOW HITPOINT WARNING * * *
You are more poisoned.
The adder poisons you!
You barely miss the adder.
The adder is lightly wounded.
You feel sick. The adder completely misses you. The adder bites you.
* * * LOW HITPOINT WARNING * * *
You miss the adder.
The adder is lightly wounded.
* * * LOW HITPOINT WARNING * * *
You feel sick. The adder misses you. The adder bites you but does no damage.
It was a potion of degeneration.
There was something very wrong with that liquid.
You feel weakened.
You feel dopey.
You feel clumsy.
You feel sick. The adder bites you but does no damage.
The adder closely misses you.
It was a potion of mutation.
You feel extremely strange.
You feel weaker.
You feel less encumbered by your armour.
Your toenails lengthen and sharpen.
You feel sick. The adder closely misses you.
You hit the adder but do no damage. Your kick misses the adder.
The adder is lightly wounded.
You feel sick. The adder bites you but does no damage.
The adder closely misses you.
You barely miss the adder. Your kick misses the adder.
The adder is lightly wounded.
You feel sick.
You are no longer poisoned.
The adder bites you.
You die...

## ### #.#########.# ##
.###....#.PP.###.#
#....P.P#.PPP.PP# ##
#.PP....#P.PP...##.#
.PP..P.)#..P.P...P#
...P...S@..P..P...#
.......†#....PP...#
#....P..#..P.PP.#########
#PP....P#P.PP.P.#>.......
.###P...#.[..###.........
..#########..##........
... .....#####..### ## ..
... #.## ....#.####.#


You could see an adder.

Vanquished Creatures
  An adder (D:2)
  A dart slug (D:1)
  A ribbon worm (D:2)
  5 bats
  3 endoplasms
  2 giant cockroaches (D:1)
  6 hobgoblins
  3 kobolds
  A quokka (D:1)
  3 ball pythons
  2 rats
28 creatures vanquished.

Notes
Turn   | Place    | Note
-------+----------+-------------------------------------------
     0 | D:1      | trashops the Mountain Dwarf Fighter began the quest for the
                  | Orb.
     0 | D:1      | Reached XP level 1. HP: 19/19 MP: 1/1
    87 | D:1      | Reached XP level 2. HP: 22/26 MP: 2/2
   406 | D:1      | Found Naciusups's Assorted Antiques.
   721 | D:2      | Reached XP level 3. HP: 32/33 MP: 3/3
   956 | D:2      | Found a shadowy altar of Dithmenos.
  1028 | D:2      | Found a faded altar of an unknown god.
  1052 | D:2      | Reached skill level 4 in Armour
  1068 | D:2      | Gained mutation: You are weak. (Str -2) [potion of
                  | mutation]
  1068 | D:2      | Gained mutation: Your movements are slightly less
                  | encumbered by armour. (ER -2) [potion of mutation]
  1068 | D:2      | Gained mutation: You have sharp toenails. [potion of
                  | mutation]
  1070 | D:2      | Slain by an adder

Illustrated notes

Levels and vault maps discovered:
D:1:      mainiacjoe_arrival_reflecting_pool, layout_basic, serial_shops,
          nicolae_shop_trees
D:2:      layout_rooms, shapermc_ecumenical_altar_gd, basic_altar

Skill      XL: |  1  2  3 |
---------------+----------+-----
Axes           | 3 |  3.2
Armour         | 4 |  4.0
Fighting       | |  3.7
Shields        | |  3.5

Action                     || total
---------------------------++-------
  Melee: War axe           ||   105
    Use: Potion            ||     2
 Armour: Scale mail        ||   107
  Dodge: Dodged            ||    55
  Block: Buckler           ||    27

Table legend: (Time is in decaauts)
 A = Elapsed time spent in this place.
 B = Non-inter-level travel time spent in this place.
 C = Inter-level travel time spent in this place.
 D = Time resting spent in this place.
 E = Time spent auto-exploring this place.
 F = Levels seen in this place.
 G = Mean time per level.
                   A        B        C        D        E       F      G
               +--------+--------+--------+--------+--------+-----+--------+
         Total |   1111 |   1092 |     19 |      0 |    836 |   2 |  555.5 |
       Dungeon |   1111 |   1092 |     19 |      0 |    836 |   2 |  555.5 |
               +--------+--------+--------+--------+--------+-----+--------+

Top non-repeatable levels by time:
     D:1: 732 daAuts
     D:2: 379 daAuts
